 Dungeon Crawl Stone Soup version 0.30-b1-2-g02819fbbbe (webtiles) character file.

Game seed: 14605365160845230923

15 redmage the Chiller (level 2, -3/30 HPs)
             Began as a Meteoran Ice Elementalist on July 24, 2023.
             Frozen to death by an endoplasm (5 damage)
             ... on level 2 of the Dungeon.
             The game lasted 00:01:31 (102 turns).

redmage the Chiller (Meteoran Ice Elementalist)      Turns: 102, Time: 00:01:34

Health: -3/30      AC: 21    Str:  7    XL:     2   Next: 88%
Magic:  2/7        EV:  2    Int: 16    God:
Gold:   12         SH:  0    Dex: 14    Spells: 6/7 levels left

rFire   . . .        (no weapon)
rCold   . . .        (no shield)
rNeg    . . .        a - melded +0 robe
rPois   +            (helmet currently unavailable)
rElec   .            (cloak currently unavailable)
rCorr   .            (gloves currently unavailable)
SInv    .            (boots currently unavailable)
Will    .....        (no amulet)
Stlth   +            (no ring)
HPRegen 0.25/turn    (no ring)
MPRegen 0.10/turn

%: no passive effects
@: lethally poisoned (-3 -> -6), tree-form, glowing
A: stationary, stasis, torment immunity, boosted hp, sense surroundings 1,
otherworldly, glowing, explore regen, (hooves 1), weak 1
a: no special abilities


You were on level 2 of the Dungeon.
You were a tree.
You visited 1 branch of the dungeon, and saw 2 of its levels.

You collected 12 gold pieces.

Inventory:

Missiles
 c - 6 poisoned darts
Armour
 a - a +0 robe (melded)
Scrolls
 d - a scroll of teleportation {unknown}
Potions
 b - 2 potions of magic


   Skills:
 - Level 2.4 Dodging
 - Level 1.4 Stealth
 + Level 3.1 Spellcasting
 * Level 4.9 Ice Magic


You had 6 spell levels left.
You knew the following spells:

 Your Spells              Type           Power      Damage    Failure   Level
a - Freeze                Ice            72%        1d8       2%          1

Your spell library contained the following spells:

 Spells                   Type           Power      Damage    Failure   Level
 Frozen Ramparts          Ice            36%        1d6       8%          3
 Ozocubu's Armour         Ice            18%        N/A       8%          3
 Summon Ice Beast         Ice/Summ       10%        N/A       54%         4


Dungeon Overview and Level Annotations

Branches:
Dungeon (2/15) Zot: 1093

Altars:


Innate Abilities, Weirdness & Mutations

You are a tree.
Your roots penetrate the ground, keeping you stationary.
You cannot be teleported.
You are immune to unholy pain and torment.
Your maximum health is greatly increased.
Your equipment is partially melded.
You passively map a small area around you.
You are easily found by Zot.
You glow in the dark.
You regain HP and MP as you explore.
((You have large cloven feet.))
You are weak. (Str -2)


Message History

Aiming: Freeze (safe; 2% risk of failure)
Press: ? - help, Shift-Dir - straight line, f/p - adder
Aim: an adder (heavily wounded)
You freeze the adder.
The adder is almost dead.
You feel very sick. The adder completely misses you. The endoplasm freezes you.
You are frozen.
* * * LOW HITPOINT WARNING * * *
Unknown command.
Unknown command.
Unknown command.
Casting: Freeze (safe; 2% risk of failure)
Confirm with . or Enter, or press ? or * to list all spells.
Aiming: Freeze (safe; 2% risk of failure)
Press: ? - help, Shift-Dir - straight line, f/p - adder
Aim: an adder (almost dead)
You freeze the adder.
You kill the adder!
* * * LOW HITPOINT WARNING * * *
You feel sick. The endoplasm completely misses you.
Your Spellcasting skill increases to level 3!
Unknown command.
Unknown command.
It was a potion of mutation.
You feel extremely strange.
You feel weaker.
Your thoughts seem clearer.
Your thinking seems confused.
Your feet thicken and deform.
* * * LOW HITPOINT WARNING * * *
You feel sick. The endoplasm freezes you.
You are frozen.
* * * LOW HITPOINT WARNING * * *
It was a potion of lignification.
You turn into a tree.
Your +0 robe melds into your body.
Your roots penetrate the ground.
* * * LOW HITPOINT WARNING * * *
You feel sick. The endoplasm freezes you.
You are frozen.
You die...

##** .. *.#* *
.# , ###.###
.#####.....# ,
...........####
,
*#....♣......#
#.#..J...##.# *
#......#* *
#.#...## *
....#.> * , ,
*.#.#....., ,
#.# ##..... , #
* ##...# , ,


You could see an endoplasm.

Vanquished Creatures
  An adder (D:2)
  A ball python (D:1)
  A hobgoblin (D:1)
  A kobold (D:1)
  A bat (D:1)
  A rat (D:1)
6 creatures vanquished.

Notes
Turn   | Place    | Note
-------+----------+-------------------------------------------
     0 | D:1      | redmage the Meteoran Ice Elementalist began the quest for
                  | the Orb.
     0 | D:1      | Reached XP level 1. HP: 14/14 MP: 5/5
    88 | D:1      | Reached XP level 2. HP: 18/20 MP: 4/6
   101 | D:2      | Gained mutation: You are weak. (Str -2) [potion of
                  | mutation]
   101 | D:2      | Gained mutation: You possess an exceptional clarity of
                  | mind. [potion of mutation]
   101 | D:2      | Lost mutation: You possess an exceptional clarity of mind.
                  | [potion of mutation]
   101 | D:2      | Gained mutation: You have large cloven feet. [potion of
                  | mutation]
   102 | D:2      | Frozen to death by an endoplasm

Illustrated notes

Levels and vault maps discovered:
D:1:      dpeg_arrival_more_subterranean_lakeside_camping, layout_rooms,
          dilly_ecumenical_altar_fadedgnrine, bh_walls_and_bars
D:2:      layout_loops_ring, minmay_rat_gold_closets

Skill      XL: |  1  2 |
---------------+-------+-----
Spellcasting   | 3 |  3.1
Dodging        | |  2.4
Stealth        | |  1.4
Ice Magic      | |  4.9

Action                     || total
---------------------------++-------
   Cast: Freeze            ||     9
    Use: Potion            ||     2
 Armour: Robe              ||     1
  Dodge: Dodged            ||     4
